 Dungeon Crawl Stone Soup version 0.30.0-21-gd299b56b3f (webtiles) character file.

Game seed: 2357047919922596291

1869 qw the Cleaver (level 9, 0/54 HPs)
             Began as a Gargoyle Fighter on June 2, 2023.
             Was an Initiate of Okawaru.
             Slain by a gnoll bouda
             ... wielding a +0 club
              (1 damage)
             ... on level 6 of the Dungeon.
             The game lasted 00:02:45 (4524 turns).

qw the Cleaver (Gargoyle Fighter)                   Turns: 4524, Time: 00:02:46

Health: 0/54       AC: 18    Str: 23    XL:     9   Next: 13%
Magic:  9/9        EV:  7    Int: 10    God:    Okawaru [......]
Gold:   227        SH:  4    Dex:  9    Spells: 8/8 levels left

rFire   . . .        Y - +2 war axe
rCold   . . .        c - +0 buckler
rNeg    + . .        b - +0 plate armour
rPois   inf          (helmet restricted)
rElec   +            (no cloak)
rCorr   .            (no gloves)
SInv    .            (no boots)
Will    .....        (no amulet) Stlth
                     (no ring)
HPRegen 0.29/turn    (no ring)
MPRegen 0.11/turn

%: no passive effects
@: about to teleport, corroded
A: sickness immunity, AC +6, negative energy resistance 1, electricity
resistance, torment resistance 1, petrification resistance, antennae 1,
iridescent scales 1, shaggy fur 1
a: Renounce Religion


You were on level 6 of the Dungeon.
You worshipped Okawaru.
Okawaru was noncommittal.
You visited 2 branches of the dungeon, and saw 7 of its levels.

You collected 260 gold pieces.
You spent 33 gold pieces at shops.


Innate Abilities, Weirdness & Mutations

You are immune to sickness and miasma.
Your stone body is resilient. (AC +6)
You are immune to poison.
You resist negative energy. (rN+)
You are resistant to electric shocks. (rElec)
You are resistant to unholy torment.
You are immune to petrification.
You have a pair of small antennae on your head.
You are partially covered in iridescent scales. (AC +2)
You are covered in fur. (AC +1)


   Skills:
 + Level 5.3 Fighting
 - Level 8.0 Axes
 - Level 2.7 Throwing
 - Level 6.9 Armour
 - Level 1.3 Dodging
 - Level 3.2 Shields


You had 8 spell levels left.
You didn't know any spells.
Your spell library was empty.

Inventory:

Hand Weapons
 j - a +2 whip of flaming
 Y - a +2 war axe (weapon)
Missiles
 i - 6 javelins
 m - 5 boomerangs (quivered)
Armour
 b - a +0 plate armour (worn)
 c - a +0 buckler (worn)
Scrolls
 e - a scroll of identify
 k - a scroll of fog {unknown}
Potions
 a - a potion of attraction {unknown}
 d - 2 potions of might
 f - a potion of berserk rage {unknown}
 h - a potion of cancellation {unknown}
 n - a potion of magic {unknown}
 p - a potion of brilliance {unknown}
 q - a potion of haste
 r - a potion of mutation
 s - a potion of curing {unknown}

Dungeon Overview and Level Annotations

Branches:
Dungeon (6/15)             Temple (1/1) D:5

Altars:
Cheibriados
Dithmenos
Fedhas
Gozag
Kikubaaqudgha
Makhleb
Nemelex Xobeh
Okawaru
Qazlal
Sif Muna
Trog
Vehumet
Xom
Yredelemnul
Zin
Jiyva

Shops:
D:5 *


Message History

You slash the jelly!
You kill the jelly!
Okawaru accepts your kill.
You closely miss the gnoll bouda. You miss something.
You are engulfed in a cloud of scalding steam.
Something hits you. Something shocks you. You resist.
Deactivating autopickup; reactivate with Ctrl-A.
The gnoll bouda barely misses you.
Your Axes skill increases to level 8!
You closely miss the gnoll bouda.
The gnoll bouda is lightly wounded.
You miss something. Something hits you but does no damage.
The gnoll bouda gazes fiercely through you!
You feel your attacks grow feeble.
The gnoll bouda hits you but does no damage.
You hit the gnoll bouda.
The gnoll bouda is heavily wounded.
You hit something. Something hits you but does no damage.
The gnoll bouda hits you but does no damage.
You barely miss the gnoll bouda.
The gnoll bouda is heavily wounded.
You closely miss something. Something hits you but does no damage.
The gnoll bouda hits you with a +0 club.
Something hits you. Something shocks you. You resist.
The gnoll bouda hits you with a +0 club!
4523 ||| READING scroll of teleportation.
As you read the scroll of teleportation, it crumbles to dust.
You feel strangely unstable.
Your attacks no longer feel as feeble.
Something hits you. Something shocks you. You resist.
The gnoll bouda hits you but does no damage.
You barely miss the gnoll bouda.
The gnoll bouda is heavily wounded.
You hit the sleepcap but do no damage. You closely miss something.
Something hits you. Something shocks you. You resist.
The gnoll bouda hits you with a +0 club.
You die...

... ... # .#.. ... .
..... ..# .# ..... #.#
#.# ...#.?#.##..#
....#.#..# ##.g...#
#..{@##
..#.#f..########
...............#
.##.#.>.##.....#
#...#........####
...........#....##
.#................##
#.........####.#..#####
#............#.........


You could see a sleepcap and a gnoll bouda.

Vanquished Creatures
  Pikel (D:5)
  Sigmund (D:2)
  A steam dragon (D:6)
  A sky beast (D:4)
  An ogre (D:5)
  2 lemures (D:5)
  A phantom (D:4)
  2 scorpions (D:5)
  4 hounds (D:5)
  5 jellies
  2 orc priests
  3 iguanas (D:5)
  2 orc wizards (D:5)
  9 gnolls
  5 adders
  A worm (D:5)
  3 dart slugs
  14 orcs
  10 ball pythons
  16 endoplasms
  A giant cockroach (D:2)
  6 goblins
  2 hobgoblins (D:1)
  3 jackals (D:2)
  11 kobolds
  3 quokkas
  8 bats
  5 frilled lizards
  7 rats
130 creatures vanquished.

Vanquished Creatures (others)
  An orc wizard (D:5)
1 creature vanquished.

Grand Total: 131 creatures vanquished

Notes
Turn   | Place    | Note
-------+----------+-------------------------------------------
     0 | D:1      | qw the Gargoyle Fighter began the quest for the Orb.
     0 | D:1      | Reached XP level 1. HP: 14/14 MP: 1/1
     0 | D:1      | 0 ||| qw: Version: 0.2-a-102-gdf20003
     0 | D:1      | 0 ||| qw: Game counter: 869
     0 | D:1      | 0 ||| qw: Always use a shield: true
     0 | D:1      | 0 ||| qw: God list: Okawaru
     0 | D:1      | 0 ||| qw: Allow faded altars: false
     0 | D:1      | 0 ||| qw: Do Orc after D:15 true
     0 | D:1      | 0 ||| qw: Do second Lair branch before Depths: true
     0 | D:1      | 0 ||| qw: Lair rune preference: random
     0 | D:1      | 0 ||| qw: Plans: Normal, Zot:1-4, Slime:5, God:TSO, Crypt,
                  | Tomb, Pan, Hells, Abyss, Win
     0 | D:1      | 0 ||| PLANNING D:1-11
    10 | D:1      | 10 ||| Stepping ~*~*~tactically~*~*~ (hiding).
    11 | D:1      | 11 ||| Stepping ~*~*~tactically~*~*~ (hiding).
    13 | D:1      | 13 ||| Stepping ~*~*~tactically~*~*~ (hiding).
    22 | D:1      | Reached skill level 2 in Axes
   243 | D:1      | Reached XP level 2. HP: 19/19 MP: 2/2
   538 | D:1      | Reached skill level 3 in Axes
   617 | D:1      | Reached XP level 3. HP: 23/23 MP: 3/3
   705 | D:1      | 705 ||| DROPPING +0 club.
   932 | D:1      | 932 ||| UPGRADING to amulet of guardian spirit.
   937 | D:1      | 937 ||| READING scroll labelled YNYIPOSUSOIR.
   938 | D:1      | 938 ||| READING scroll labelled GUINAKAIRA.
   939 | D:1      | 939 ||| DRINKING 2 smoky sapphire potions.
   939 | D:1      | Gained mutation: You sometimes lose your temper in combat.
                  | [potion of mutation]
   939 | D:1      | Gained mutation: You have an uncontrollable temper. [potion
                  | of mutation]
   939 | D:1      | Gained mutation: You expend magic power (3 MP) to
                  | strengthen your wands. [potion of mutation]
   940 | D:1      | 940 ||| DRINKING potion of mutation.
   940 | D:1      | Lost mutation: You have an uncontrollable temper. [potion
                  | of mutation]
   940 | D:1      | Lost mutation: You expend magic power (3 MP) to strengthen
                  | your wands. [potion of mutation]
   940 | D:1      | Lost mutation: You sometimes lose your temper in combat.
                  | [potion of mutation]
   940 | D:1      | Gained mutation: You are covered in fur. (AC +1) [potion of
                  | mutation]
   940 | D:1      | Gained mutation: You have a pair of small antennae on your
                  | head. [potion of mutation]
   940 | D:1      | Gained mutation: You are partially covered in iridescent
                  | scales. (AC +2) [potion of mutation]
   983 | D:2      | Noticed Sigmund
   984 | D:2      | 984 ||| Stepping ~*~*~tactically~*~*~ (hiding).
   989 | D:2      | 989 ||| Stepping ~*~*~tactically~*~*~ (stealth).
   995 | D:2      | Killed Sigmund
   996 | D:2      | Reached skill level 5 in Axes
   996 | D:2      | Reached XP level 4. HP: 18/28 MP: 1/4
   996 | D:2      | Reached XP level 5. HP: 21/32 MP: 1/5
  1001 | D:2      | 1001 ||| FLEEEEING.
  1002 | D:2      | 1002 ||| STAIRDANCE
  1064 | D:2      | Found a faded altar of an unknown god.
  1088 | D:2      | Reached XP level 6. HP: 37/38 MP: 6/6
  1216 | D:2      | 1216 ||| Stepping ~*~*~tactically~*~*~ (stealth).
  1393 | D:2      | 1393 ||| Stepping ~*~*~tactically~*~*~ (stealth).
  1404 | D:2      | 1404 ||| Stepping ~*~*~tactically~*~*~ (stealth).
  1473 | D:2      | 1473 ||| READING scroll labelled BUIRAX XUJURE.
  1474 | D:2      | 1474 ||| DRINKING 2 dark potions.
  1484 | D:2      | 1484 ||| DROPPING potion of ambrosia.
  1518 | D:3      | 1518 ||| Stepping ~*~*~tactically~*~*~ (stealth).
  1737 | D:3      | Reached skill level 1 in Dodging
  1743 | D:3      | 1743 ||| FLEEEEING.
  1749 | D:3      | 1749 ||| FLEEEEING.
  1759 | D:3      | 1759 ||| FLEEEEING.
  1760 | D:3      | 1760 ||| FLEEEEING.
  2184 | D:3      | 2184 ||| Stepping ~*~*~tactically~*~*~ (hiding).
  2186 | D:3      | 2186 ||| Stepping ~*~*~tactically~*~*~ (hiding).
  2189 | D:3      | 2189 ||| Stepping ~*~*~tactically~*~*~ (hiding).
  2191 | D:3      | 2191 ||| Stepping ~*~*~tactically~*~*~ (hiding).
  2447 | D:3      | Found a glowing silver altar of Zin.
  2456 | D:3      | Found an opulent altar of Gozag.
  2542 | D:3      | 2542 ||| Stepping ~*~*~tactically~*~*~ (stealth).
  2554 | D:3      | 2554 ||| UPGRADING to +0 chain mail.
  2564 | D:3      | 2564 ||| DROPPING +0 scale mail.
  2565 | D:3      | 2565 ||| READING scroll labelled MUL GOXTAT.
  2566 | D:3      | 2566 ||| READING scroll labelled RAKKEKKO BOZUTZ.
  2667 | D:3      | 2667 ||| READING scroll labelled QAIMNI ATZIUD.
  2672 | D:3      | 2672 ||| READING scroll labelled YSINERHILEPLY.
  2673 | D:3      | 2673 ||| DRINKING 2 glowing puce potions.
  2752 | D:4      | Found a bloodstained altar of Trog.
  2844 | D:4      | Reached skill level 6 in Axes
  2844 | D:4      | 2844 ||| FLEEEEING.
  2845 | D:4      | 2845 ||| FLEEEEING.
  2846 | D:4      | 2846 ||| FLEEEEING.
  2847 | D:4      | 2847 ||| FLEEEEING.
  2848 | D:4      | 2848 ||| FLEEEEING.
  2849 | D:4      | 2849 ||| FLEEEEING.
  2850 | D:4      | 2850 ||| FLEEEEING.
  2851 | D:4      | 2851 ||| FLEEEEING.
  2852 | D:4      | 2852 ||| FLEEEEING.
  2854 | D:4      | 2854 ||| FLEEEEING.
  2855 | D:4      | 2855 ||| FLEEEEING.
  2856 | D:4      | 2856 ||| FLEEEEING.
  2857 | D:4      | 2857 ||| FLEEEEING.
  2858 | D:4      | 2858 ||| FLEEEEING.
  2859 | D:4      | 2859 ||| FLEEEEING.
  2860 | D:4      | 2860 ||| FLEEEEING.
  2861 | D:4      | 2861 ||| FLEEEEING.
  2862 | D:4      | 2862 ||| FLEEEEING.
  2864 | D:4      | 2864 ||| FLEEEEING.
  2865 | D:4      | 2865 ||| FLEEEEING.
  2866 | D:4      | 2866 ||| FLEEEEING.
  2867 | D:4      | 2867 ||| FLEEEEING.
  2868 | D:4      | 2868 ||| FLEEEEING.
  2895 | D:4      | Reached XP level 7. HP: 43/43 MP: 7/7
  2922 | D:4      | Found a shadowy altar of Dithmenos.
  2972 | D:4      | 2972 ||| READING scroll of enchant weapon.
  2972 | D:4      | 2972 ||| ENCHANTING +1 war axe.
  3312 | D:4      | 3312 ||| UPGRADING to +0 plate armour.
  3322 | D:4      | 3322 ||| DROPPING +0 chain mail.
  3323 | D:4      | 3323 ||| READING scroll labelled JOMASMAEMIO.
  3336 | D:5      | Entered Level 5 of the Dungeon
  3344 | D:5      | 3344 ||| Stepping ~*~*~tactically~*~*~ (hiding).
  3345 | D:5      | 3345 ||| Stepping ~*~*~tactically~*~*~ (hiding).
  3346 | D:5      | 3346 ||| Stepping ~*~*~tactically~*~*~ (hiding).
  3348 | D:5      | 3348 ||| Stepping ~*~*~tactically~*~*~ (hiding).
  3353 | D:5      | 3353 ||| Stepping ~*~*~tactically~*~*~ (stealth).
  3368 | D:5      | Reached skill level 7 in Axes
  3543 | D:5      | Reached XP level 8. HP: 49/49 MP: 8/8
  3570 | D:5      | 3570 ||| Stepping ~*~*~tactically~*~*~ (stealth).
  3572 | D:5      | Noticed Pikel
  3572 | D:5      | 3572 ||| Stepping ~*~*~tactically~*~*~ (stealth).
  3587 | D:5      | Killed Pikel
  3588 | D:5      | Reached skill level 6 in Armour
  3657 | D:5      | 3657 ||| DROPPING +0 whip.
  3716 | D:5      | Reached skill level 1 in Throwing
  3721 | D:5      | 3721 ||| FLEEEEING.
  3722 | D:5      | 3722 ||| FLEEEEING.
  3723 | D:5      | 3723 ||| FLEEEEING.
  3724 | D:5      | 3724 ||| FLEEEEING.
  3725 | D:5      | 3725 ||| FLEEEEING.
  3726 | D:5      | 3726 ||| FLEEEEING.
  3727 | D:5      | 3727 ||| FLEEEEING.
  3730 | D:5      | 3730 ||| STAIRDANCE
  3758 | D:4      | 3758 ||| DROPPING ring of wizardry.
  3901 | D:5      | Found a staircase to the Ecumenical Temple.
  3902 | D:5      | 3902 ||| PLANNING TEMPLE
  3902 | D:5      | 3902 ||| READING scroll labelled HOUXODIOPA.
  3903 | D:5      | 3903 ||| READING scroll labelled PEES IGHOULUS.
  3915 | Temple   | Entered the Ecumenical Temple
  4037 | Temple   | 4037 ||| PLANNING OKAWARU WORSHIP
  4053 | Temple   | Became a worshipper of Warmaster Okawaru
  4053 | Temple   | 4053 ||| PLANNING D:1-11
  4054 | Temple   | 4054 ||| REMOVING amulet of guardian spirit.
  4059 | Temple   | 4059 ||| DROPPING amulet of guardian spirit.
  4134 | D:5      | Found Acephud's General Store.
  4164 | D:5      | 4164 ||| Stepping ~*~*~tactically~*~*~ (hiding).
  4200 | D:5      | 4200 ||| SHOPLISTING +4 ring of slaying (858 gold, have
                  | 222).
  4200 | D:5      | 4200 ||| BUYING scroll of teleportation (33 gold).
  4200 | D:5      | Bought a scroll of teleportation for 33 gold pieces
  4227 | D:5      | Reached XP level 9. HP: 54/54 MP: 9/9
  4501 | D:6      | 4501 ||| Stepping ~*~*~tactically~*~*~ (hiding).
  4508 | D:6      | 4508 ||| Stepping ~*~*~tactically~*~*~ (hiding).
  4520 | D:6      | Reached skill level 8 in Axes
  4522 | D:6      | HP: 7/54 [gnoll bouda/+0 club (8)]
  4523 | D:6      | 4523 ||| READING scroll of teleportation.
  4524 | D:6      | HP: 2/54 [something (2)]
  4524 | D:6      | Slain by a gnoll bouda

Levels and vault maps discovered:
D:1:      dpeg_arrival_houses_and_road, layout_basic
D:2:      layout_rooms, ebering_ecumenical_altar_abandoned, uniq_sigmund
D:3:      cheibrodos_fertilizer, layout_loops_corners,
          grunt_temple_overflow_gold_and_silver
D:4:      layout_rooms, lemuel_tele_altar, trog_book
D:5:      layout_loops_ring, minmay_temple_entry_junction_2, serial_shops, shop,
          uniq_pikel
D:6:      layout_rooms, minmay_misc_feat_cross
Temple:   pf_slime_end_temple

Skill      XL: |  1  2  3  4  5  6  7  8  9 |
---------------+----------------------------+-----
Axes           | 2 3 5 6 7 8 |  8.0
Fighting       | 4 5 |  5.3
Dodging        | 1 |  1.3
Armour         | 6 |  6.9
Throwing       | 1 2 |  2.7
Shields        | |  3.2

Action                     |  1- 3 |  4- 6 |  7- 9 || total
---------------------------+-------+-------+-------++-------
  Melee: War axe           |    74 |   128 |   159 ||   361
  Throw: Boomerang         |       |    23 |    27 ||    50
    Use: Scroll            |     2 |     5 |     5 ||    12
         Potion            |     2 |     2 |       ||     4
 Armour: Scale mail        |    32 |    58 |       ||    90
         Chain mail        |       |    14 |    11 ||    25
         Plate armour      |       |       |    99 ||    99
  Dodge: Dodged            |    28 |    43 |    42 ||   113
  Block: Buckler           |     9 |    17 |    26 ||    52

Table legend:
 A = Non-vault XP
 B = Vault XP
 C = Vault XP percentage of total XP
 D = Non-vault monster count
 E = Vault monster count
 F = Vault count percentage of total count
                 A         B        C        D         E       F
            +---------+---------+-------+---------+---------+-------
      Total |    1642 |    1029 |  38.5 |     111 |      18 |  14.0
            +---------+---------+-------+---------+---------+-------
        D:1 |      40 |       0 |   0.0 |      23 |       0 |   0.0
        D:2 |      68 |     243 |  78.1 |      20 |       1 |   4.8
        D:3 |      36 |     113 |  75.8 |      18 |      16 |  47.1
        D:4 |     361 |       0 |   0.0 |      18 |       0 |   0.0
        D:5 |     862 |     673 |  43.8 |      27 |       1 |   3.6
        D:6 |     275 |       0 |   0.0 |       5 |       0 |   0.0
            +---------+---------+-------+---------+---------+-------
